 Dungeon Crawl Stone Soup version 0.22-a0-825-ga28c36f (webtiles) character file.

111 corax the Ducker (level 4, 0/33 HPs)
             Began as an Octopode Fighter on July 24, 2018.
             Slain by a gnoll
             ... wielding a +0 spear
              (3 damage)
             ... on level 2 of the Dungeon.
             The game lasted 00:03:58 (2096 turns).

corax the Ducker (Octopode Fighter)                 Turns: 2096, Time: 00:03:59

Health: 0/33       AC:  1    Str: 16    XL:     4   Next: 92%
Magic:  4/4        EV: 14    Int: 10    God:
Gold:   159        SH:  0    Dex: 11    Spells: 3/3 levels left

rFire    . . .     SeeInvis .     - Unarmed
rCold    . . .     Gourm    .   (no shield)
rNeg     . . .     Faith    .   (helmet restricted)
rPois    .         Spirit   .   (no amulet)
rElec    .         Reflect  .   (no ring)
rCorr    .         Harm     .   (no ring)
MR       .....                  (no ring)
Stlth    ++........             (no ring)
HPRegen  0.11/turn              (no ring)
MPRegen  0.09/turn              (no ring)
                                (no ring)
                                (no ring)

@: no status effects
A: almost no armour, stealthy swim, amphibious, 8 rings, constrict 8, camouflage
1, gelatinous body 1
a: no special abilities


You were on level 2 of the Dungeon.
You were near starving.

You visited 1 branch of the dungeon, and saw 2 of its levels.

You collected 159 gold pieces.

Inventory:

Scrolls
 a - a scroll of identify {unknown}
 e - 3 scrolls of teleportation {unknown}
 f - a scroll of random uselessness {unknown}
 g - 2 scrolls of amnesia {unknown}
 h - a scroll of enchant weapon {unknown}
Potions
 b - a potion of might
 d - a potion of brilliance {unknown}
Comestibles
 c - a ration


   Skills:
 + Level 3.9 Fighting
 + Level 3.9 Dodging
   Level 3.0 Shields
 + Level 3.2 Unarmed Combat


You had 3 spell levels left.
You didn't know any spells.
Your spell library was empty.

Dungeon Overview and Level Annotations

Branches:
Dungeon (2/15)

Altars:
Ashenzari
Elyvilon
Makhleb


Innate Abilities, Weirdness & Mutations

You cannot wear most types of armour.
You are very stealthy in the water. (Stealth+)
You are amphibious.
You can wear up to eight rings at the same time.
You can use your tentacles to constrict eight enemies at once.
Your skin changes colour to match your surroundings (Stealth+).
Your rubbery body absorbs attacks. (AC +1, EV +1)


Message History

You closely miss the gnoll. You grab the gnoll.
The gnoll is moderately wounded.
You constrict the gnoll. The gnoll hits you with a spear.
You tentacle-slap the gnoll but do no damage.
You tentacle-slap the gnoll.
You kill the gnoll!
The gnoll hits you from afar with a spear!
* * * LOW HITPOINT WARNING * * *
You are too injured to fight recklessly!
The gnoll hits you with a spear.
* * * LOW HITPOINT WARNING * * *
Things that are here:
a spear; a gnoll corpse You tentacle-slap the gnoll.
You grab the gnoll.
The gnoll is heavily wounded.
You constrict the gnoll. The gnoll misses you.
You tentacle-slap the gnoll.
The gnoll is severely wounded.
You constrict the gnoll. The gnoll hits you with a spear.
You die...

......).....##.........#8...8#
..).....#######.#########...##
........# ####.####### #...#
........# ##..........###...##
........###............#8...8#
........##.............##...##
.....##.##...รท..........#...#
....###.....>.............###
##### ####......@g......###
#..............#
##............##
##..........## ############


You could see a gnoll.

Vanquished Creatures
  2 adders (D:2)
  3 gnolls (D:2)
  4 worms (D:2)
  A dart slug (D:1)
  A leopard gecko (D:1)
  5 bats
  3 giant cockroaches (D:2)
  8 goblins
  3 hobgoblins
  7 jackals
  A kobold (D:2)
  A quokka (D:2)
  2 ball pythons (D:1)
  2 frilled lizards
  5 rats
48 creatures vanquished.

Notes
Turn   | Place    | Note
-------+----------+-------------------------------------------
     0 | D:1      | corax the Octopode Fighter began the quest for the Orb.
     0 | D:1      | Reached XP level 1. HP: 16/16 MP: 1/1
    43 | D:1      | Found a shattered altar of Ashenzari.
    65 | D:1      | Reached XP level 2. HP: 5/21 MP: 2/2
   442 | D:1      | Reached XP level 3. HP: 26/26 MP: 3/3
   593 | D:2      | Found a white marble altar of Elyvilon.
   669 | D:2      | Found a runed door.
  1209 | D:2      | Found a burning altar of Makhleb.
  1299 | D:2      | Reached XP level 4. HP: 14/33 MP: 4/4
  2096 | D:2      | Slain by a gnoll

Vault maps used:
D:1:      scummos_arrival_star, ashenzari_altar_1
D:2:      elyvilon_altar_4, lightli_temple_of_fire, serial_corexii_hall,
          corexii_hall_statues_t, corexii_hall_statues_deadend,
          minmay_hedge_maze, uniq_crazy_yiuf_cottage

Skill      XL: |  1  2  3  4 |
---------------+-------------+-----
Unarmed Combat | 3 |  3.2
Fighting       | |  3.9
Dodging        | |  3.9
Shields        | |  3.0

Action                   |  1- 3 |  4- 6 || total
-------------------------+-------+-------++-------
Melee: Unarmed           |    91 |    31 ||   122
       Constrict         |    24 |     7 ||    31
       Tentacles         |    20 |     4 ||    24
       Punch             |     1 |     2 ||     3
 Stab: Sleeping          |     6 |     3 ||     9
  Eat: Chunk             |     1 |     1 ||     2
Armor: Skin              |    18 |     1 ||    19
Dodge: Dodged            |    72 |    20 ||    92
Block: Shield            |     1 |       ||     1

Table legend:
 A = Spawn XP
 B = Non-spawn XP
 C = Spawn XP percentage of total XP
 D = Spawn monster count
 E = Non-spawn monster count
 F = Spawn count percentage of total count
 G = Total turns spent on level
                    A         B        C        D         E        F      G
               +---------+---------+-------+---------+---------+-------+---------
         Total |       0 |     159 |   0.0 |       0 |      48 |   0.0 |  2096
               +---------+---------+-------+---------+---------+-------+---------
           D:1 |       0 |      37 |   0.0 |       0 |      20 |   0.0 |  1209
           D:2 |       0 |     122 |   0.0 |       0 |      28 |   0.0 |   887
               +---------+---------+-------+---------+---------+-------+---------
